MWL (24 & UNDER)
LEE'S SUMMIT TIGERS @ MINNESOTA DEATH STARS
06/06/2027
 
TOP OF THE 1ST
Lee's Summit Tigers batting - Pitching for Minnesota Death Stars : RHP Esteban Muńóz
Pitching: RHP Esteban Muńóz
Batting: LHB Darren Holland 0-0: Ball
1-0: Ball
2-0: Foul Ball, location: 2F
2-1: Foul Ball, location: 2F
2-2: Ball
3-2: Foul Ball, location: 2F
3-2: Base on Balls
Batting: RHB Jesús Ramos 0-0: Foul Ball, location: 2F
0-1: Called Strike
0-2: Ball
1-2: Ball
2-2: Strikes out swinging
Batting: RHB Rusty Bennett 0-0: Ball
1-0: Ball
2-0: Called Strike
2-1: Foul Ball, location: 2F
2-2: Ball
3-2: Base on Balls
Darren Holland to second
Batting: SHB Juan Glaviz 0-0: Called Strike
0-1: Fly out, F7 (Line Drive, 7)
Batting: RHB Jorge Barbosa 0-0: Ball
1-0: Foul Ball, location: 2F
1-1: Ball
2-1: Swinging Strike
2-2: Foul Ball, location: 2F
2-2: Strikes out looking
Top of the 1st over - 0 run(s), 0 hit(s), 0 error(s), 2 left on base; Lee's Summit 0 - Minnesota 0
BOTTOM OF THE 1ST
Minnesota Death Stars batting - Pitching for Lee's Summit Tigers : RHP Josse Teves
Pitching: RHP Josse Teves
Batting: RHB Sergio Calderón 0-0: Ground out U3 (Groundball, 34)
Batting: LHB Júlio Córdova 0-0: Ball
1-0: Foul Ball, location: 2F
1-1: Swinging Strike
1-2: Strikes out swinging
Batting: RHB Kel Weeks 0-0: Ball
1-0: Ball
2-0: Ball
3-0: Called Strike
3-1: Called Strike
3-2: Foul Ball, location: 2F
3-2: Base on Balls
Batting: RHB Pat Bray 0-0: Ball
1-0: Foul Ball, location: 2F
1-1: Foul Ball, location: 2F
1-2: Strikes out looking
Bottom of the 1st over - 0 run(s), 0 hit(s), 0 error(s), 1 left on base; Lee's Summit 0 - Minnesota 0
TOP OF THE 2ND
Lee's Summit Tigers batting - Pitching for Minnesota Death Stars : RHP Esteban Muńóz
Batting: RHB Steven Wright 0-0: Called Strike
0-1: Ball
1-1: Ball
2-1: Ball
3-1: Swinging Strike
3-2: Ground out 4-3 (Groundball, 4)
Batting: RHB Augusto Pérez 0-0: Fly out, F8 (Flyball, 8LD)
Batting: LHB Dale Miller 0-0: Fly out, F8 (Flyball, 8LM)
Top of the 2nd over - 0 run(s), 0 hit(s), 0 error(s), 0 left on base; Lee's Summit 0 - Minnesota 0
BOTTOM OF THE 2ND
Minnesota Death Stars batting - Pitching for Lee's Summit Tigers : RHP Josse Teves
Batting: RHB Vaughan Tillman 0-0: Ball
1-0: Ball
2-0: Ball
3-0: Swinging Strike
3-1: Called Strike
3-2: Base on Balls
Batting: RHB Raúl Flores 0-0: DOUBLE (Flyball, 89M)
Vaughan Tillman to third
Batting: RHB José Rosales 0-0: Ball
1-0: Called Strike
1-1: Foul Ball, location: 2F
1-2: Strikes out swinging
Batting: RHB Mike Wagner 0-0: Ball
1-0: SINGLE (Groundball, 6MD)
Vaughan Tillman scores
Raúl Flores to third
Batting: RHB Octávio Ramos 0-0: Ball
1-0: Called Strike
1-1: Ball
2-1: Ball
3-1: Foul Ball, location: 2F
3-2: Grounds into double play, 6-4-3 (Groundball, 6)
Bottom of the 2nd over - 1 run(s), 2 hit(s), 0 error(s), 1 left on base; Lee's Summit 0 - Minnesota 1
TOP OF THE 3RD
Lee's Summit Tigers batting - Pitching for Minnesota Death Stars : RHP Esteban Muńóz
Batting: LHB Rodrigo Díaz 0-0: Called Strike
0-1: Ball
1-1: Swinging Strike
1-2: Strikes out swinging
Batting: LHB Darren Holland 0-0: Ball
1-0: Called Strike
1-1: Ball
2-1: Foul Ball, location: 2F
2-2: Strikes out swinging
Batting: RHB Jesús Ramos 0-0: Ball
1-0: Foul Ball, location: 2F
1-1: Ball
2-1: Swinging Strike
2-2: Ball
3-2: Foul Ball, location: 2F
3-2: Base on Balls
Batting: RHB Rusty Bennett Balk!
Jesús Ramos to second
0-0: Ball
1-0: Foul Ball, location: 2F
1-1: Ball
2-1: Foul Ball, location: 2F
2-2: Strikes out looking
Top of the 3rd over - 0 run(s), 0 hit(s), 0 error(s), 1 left on base; Lee's Summit 0 - Minnesota 1
BOTTOM OF THE 3RD
Minnesota Death Stars batting - Pitching for Lee's Summit Tigers : RHP Josse Teves
Batting: RHB Sergio Calderón 0-0: Ball
1-0: Ball
2-0: Ball
3-0: Base on Balls
Batting: LHB Júlio Córdova 0-0: Ball
1-0: Fielders Choice at 2nd, 4-6 (Groundball, 4)
Batting: RHB Kel Weeks 0-0: Ball
1-0: Called Strike
1-1: Ball
2-1: Called Strike
2-2: Ball
Júlio Córdova steals 2nd base
Balk!
Júlio Córdova to third
3-2: Base on Balls
Batting: RHB Pat Bray 0-0: Ball
1-0: Ball
2-0: Foul Ball, location: 2F
2-1: Called Strike
2-2: Strikes out swinging
Batting: RHB Vaughan Tillman 0-0: Ball
1-0: Reached via error on a dropped throw, E3
Júlio Córdova scores
Kel Weeks to second
Batting: RHB Raúl Flores 0-0: Ball
1-0: Ball
2-0: Ball
3-0: Base on Balls
Kel Weeks to third
Vaughan Tillman to second
Batting: RHB José Rosales 0-0: Called Strike
0-1: Ball
1-1: Foul Ball, location: 2F
1-2: Strikes out swinging
Bottom of the 3rd over - 1 run(s), 0 hit(s), 1 error(s), 3 left on base; Lee's Summit 0 - Minnesota 2
TOP OF THE 4TH
Lee's Summit Tigers batting - Pitching for Minnesota Death Stars : RHP Esteban Muńóz
Batting: SHB Juan Glaviz 0-0: Ball
1-0: Foul Ball, location: 2F
1-1: Fly out, F7 (Flyball, 7LSF)
Batting: RHB Jorge Barbosa 0-0: Ball
1-0: SINGLE (Line Drive, 7S)
Batting: RHB Steven Wright 0-0: Ball
1-0: Foul Ball, location: 2F
1-1: Foul Ball, location: 2F
1-2: Strikes out swinging
Batting: RHB Augusto Pérez 0-0: Ball
1-0: Ball
2-0: Swinging Strike
2-1: Foul Ball, location: 2F
2-2: Fielders Choice at 2nd, U6 (Groundball, 6M)
Top of the 4th over - 0 run(s), 1 hit(s), 0 error(s), 1 left on base; Lee's Summit 0 - Minnesota 2
BOTTOM OF THE 4TH
Minnesota Death Stars batting - Pitching for Lee's Summit Tigers : RHP Josse Teves
Batting: RHB Mike Wagner 0-0: Fly out, F9 (Flyball, 9LS)
Batting: RHB Octávio Ramos 0-0: Ball
1-0: Called Strike
1-1: Swinging Strike
1-2: Ground out 5-3 (Groundball, 5)
Batting: RHB Sergio Calderón 0-0: Swinging Strike
0-1: Called Strike
0-2: Strikes out swinging
Bottom of the 4th over - 0 run(s), 0 hit(s), 0 error(s), 0 left on base; Lee's Summit 0 - Minnesota 2
TOP OF THE 5TH
Lee's Summit Tigers batting - Pitching for Minnesota Death Stars : RHP Esteban Muńóz
Batting: LHB Dale Miller 0-0: Ball
1-0: Fly out, F7 (Flyball, 78S)
Batting: LHB Rodrigo Díaz 0-0: Hit by Pitch
Pinch Runner at 1st Daniel Rincón:
Batting: LHB Darren Holland 0-0: Ball
1-0: Ball
2-0: Ball
3-0: Base on Balls
Daniel Rincón to second
Batting: RHB Jesús Ramos 0-0: Fly out, F5 (Popup, 5L)
Batting: RHB Rusty Bennett 0-0: Ball
1-0: Called Strike
1-1: Swinging Strike
1-2: Strikes out swinging
Top of the 5th over - 0 run(s), 0 hit(s), 0 error(s), 2 left on base; Lee's Summit 0 - Minnesota 2
BOTTOM OF THE 5TH
Minnesota Death Stars batting - Pitching for Lee's Summit Tigers : RHP Josse Teves
Pitching: RHP Luis López
Now in CF: Daniel Rincón
Batting: LHB Júlio Córdova 0-0: Called Strike
0-1: Ball
1-1: Swinging Strike
1-2: Foul Ball, location: 2F
1-2: Foul Ball, location: 2F
1-2: Strikes out swinging
Batting: RHB Kel Weeks 0-0: Called Strike
0-1: Ball
1-1: Foul Ball, location: 2F
1-2: Ball
2-2: Ball
3-2: Foul Ball, location: 2F
3-2: Base on Balls
Batting: RHB Pat Bray 0-0: Ball
1-0: Called Strike
1-1: Swinging Strike
1-2: Strikes out swinging
Batting: RHB Vaughan Tillman 0-0: Ball
1-0: Fly out, F4 (Popup, 4D)
Bottom of the 5th over - 0 run(s), 0 hit(s), 0 error(s), 1 left on base; Lee's Summit 0 - Minnesota 2
TOP OF THE 6TH
Lee's Summit Tigers batting - Pitching for Minnesota Death Stars : RHP Esteban Muńóz
Batting: SHB Juan Glaviz 0-0: Foul Ball, location: 2F
0-1: Ball
1-1: Ball
2-1: SINGLE (Line Drive, 34)
Pitching: RHP Luis López
Batting: RHB Jorge Barbosa 0-0: Grounds into double play, 5-4-3 (Groundball, 56)
Batting: RHB Steven Wright 0-0: Ball
1-0: Ball
2-0: Ground out 3-1 (Groundball, 34)
Top of the 6th over - 0 run(s), 1 hit(s), 0 error(s), 0 left on base; Lee's Summit 0 - Minnesota 2
BOTTOM OF THE 6TH
Minnesota Death Stars batting - Pitching for Lee's Summit Tigers : RHP Luis López
Batting: RHB Raúl Flores 0-0: Reached on error, E8 (Flyball, 8RM)
Batting: RHB José Rosales 0-0: Called Strike
0-1: Foul Ball, location: 2F
0-2: Ball
1-2: Ball
2-2: Strikes out looking
Batting: RHB Mike Wagner 0-0: Called Strike
0-1: Ball
1-1: Foul Ball, location: 2F
1-2: Ball
Raúl Flores is caught stealing 2nd base
2-2: SINGLE (Groundball, 34D)
Batting: RHB Octávio Ramos 0-0: Called Strike
0-1: SINGLE (Groundball, 6MD)
Mike Wagner to second
Batting: RHB Sergio Calderón 0-0: Fly out, F9 (Flyball, 9S)
Bottom of the 6th over - 0 run(s), 2 hit(s), 1 error(s), 2 left on base; Lee's Summit 0 - Minnesota 2
TOP OF THE 7TH
Lee's Summit Tigers batting - Pitching for Minnesota Death Stars : RHP Luis López
Batting: RHB Augusto Pérez 0-0: Foul Ball, location: 2F
0-1: Swinging Strike
0-2: Ball
1-2: Ball
2-2: Ball
3-2: Base on Balls
Pitching: LHP Tom Workman
Batting: LHB Dale Miller 0-0: Ball
1-0: Ball
2-0: Ball
3-0: Base on Balls
Augusto Pérez to second
Batting: LHB Daniel Rincón 0-0: Ball
1-0: Ball
2-0: Called Strike
2-1: Ball
3-1: Called Strike
3-2: Strikes out swinging
Pitching: RHP Jerry Catron
Pinch Hitting: LHB Dudley Cooper 0-0: Called Strike
0-1: Ball
1-1: Ball
2-1: DOUBLE (Line Drive, 9D)
Augusto Pérez scores
Dale Miller to third
Runner from 3rd tries for Home, SAFE, no throw
Batting: RHB Jesús Ramos 0-0: Ground out 5-3 (Groundball, 5S)
Dudley Cooper to third
Batting: RHB Rusty Bennett 0-0: Foul Ball, location: 2F
0-1: Foul Ball, location: 2F
0-2: Reached on error, E3 (Groundball, 3)
Dudley Cooper scores
Batting: SHB Juan Glaviz 0-0: Ball
1-0: Ball
2-0: Ball
3-0: Base on Balls
Rusty Bennett to second
Batting: RHB Jorge Barbosa 0-0: Ball
1-0: Ball
2-0: Ball
3-0: Called Strike
3-1: Fly out, F8 (Flyball, 8RD)
Top of the 7th over - 3 run(s), 1 hit(s), 1 error(s), 2 left on base; Lee's Summit 3 - Minnesota 2
BOTTOM OF THE 7TH
Minnesota Death Stars batting - Pitching for Lee's Summit Tigers : RHP Luis López
Now at 1B: Dudley Cooper
Batting: LHB Júlio Córdova 0-0: Ball
1-0: Foul Ball, location: 2F
1-1: Ball
2-1: Ball
3-1: Base on Balls
Batting: RHB Kel Weeks 0-0: Ball
Júlio Córdova steals 2nd base
1-0: Ball
2-0: Ball
3-0: Called Strike
3-1: Foul Ball, location: 2F
3-2: Base on Balls
Pinch Hitting: LHB Carlos Estrada 0-0: Ball
1-0: Swinging Strike
1-1: Foul Ball, location: 2F
1-2: Ball
2-2: Foul Ball, location: 2F
2-2: Foul Ball, location: 2F
2-2: Strikes out swinging
Batting: RHB Vaughan Tillman 0-0: Foul Ball, location: 2F
0-1: Foul Ball, location: 2F
0-2: Ball
1-2: Ball
Balk!
Júlio Córdova to third
Kel Weeks to second
2-2: Strikes out looking
Batting: RHB Raúl Flores 0-0: Called Strike
0-1: Swinging Strike
0-2: Ball
1-2: Ball
2-2: Foul Ball, location: 2F
2-2: Ball
3-2: Fly out, F7 (Flyball, 7LS)
Bottom of the 7th over - 0 run(s), 0 hit(s), 0 error(s), 2 left on base; Lee's Summit 3 - Minnesota 2
TOP OF THE 8TH
Lee's Summit Tigers batting - Pitching for Minnesota Death Stars : RHP Jerry Catron
Now in LF: Carlos Estrada
Batting: RHB Steven Wright 0-0: Foul Ball, location: 2F
0-1: Ball
1-1: Ball
2-1: Foul Ball, location: 2F
2-2: Foul Ball, location: 2F
2-2: Ball
3-2: Strikes out swinging
Batting: RHB Augusto Pérez 0-0: Ball
1-0: Ball
2-0: Ball
3-0: Called Strike
3-1: Called Strike
3-2: Ground out 1-3 (Groundball, 13S)
Batting: LHB Dale Miller 0-0: Ball
1-0: Ball
2-0: Foul Ball, location: 2F
2-1: Ground out 1-3 (Groundball, 15S)
Top of the 8th over - 0 run(s), 0 hit(s), 0 error(s), 0 left on base; Lee's Summit 3 - Minnesota 2
BOTTOM OF THE 8TH
Minnesota Death Stars batting - Pitching for Lee's Summit Tigers : RHP Luis López
Pitching: RHP António Cruz
Batting: RHB José Rosales 0-0: Called Strike
0-1: Called Strike
0-2: Foul Ball, location: 2F
0-2: Foul Ball, location: 2F
0-2: Foul Ball, location: 2F
0-2: Ball
1-2: Foul Ball, location: 2F
1-2: Strikes out swinging
Pitching: RHP Alejandro Longoria
Batting: RHB Mike Wagner 0-0: Called Strike
0-1: Called Strike
0-2: Foul Ball, location: 2F
0-2: Ball
1-2: Ball
2-2: Foul Ball, location: 2F
2-2: Strikes out swinging
Batting: RHB Octávio Ramos 0-0: Called Strike
0-1: Ball
1-1: Ball
2-1: Foul Ball, location: 2F
2-2: Strikes out swinging
Bottom of the 8th over - 0 run(s), 0 hit(s), 0 error(s), 0 left on base; Lee's Summit 3 - Minnesota 2
TOP OF THE 9TH
Lee's Summit Tigers batting - Pitching for Minnesota Death Stars : RHP Jerry Catron
Batting: LHB Daniel Rincón 0-0: Called Strike
0-1: Swinging Strike
0-2: Ball
1-2: Ball
2-2: Ground out 4-3 (Groundball, 4)
Pitching: LHP Kurt Brown
Batting: LHB Dudley Cooper 0-0: Called Strike
0-1: Ball
1-1: Ball
2-1: Foul Ball, location: 2F
2-2: Hit by Pitch
Pitching: LHP Wessel Timmermans
Batting: RHB Jesús Ramos 0-0: Called Strike
0-1: Fly out, F7 (Flyball, 78S)
Batting: RHB Rusty Bennett 0-0: Swinging Strike
0-1: Ball
1-1: Swinging Strike
1-2: Strikes out swinging
Top of the 9th over - 0 run(s), 0 hit(s), 0 error(s), 1 left on base; Lee's Summit 3 - Minnesota 2
BOTTOM OF THE 9TH
Minnesota Death Stars batting - Pitching for Lee's Summit Tigers : RHP Alejandro Longoria
Pitching: RHP Javier Pacheco
Pinch Hitting: RHB Christian Moss 0-0: Called Strike
0-1: SINGLE (Groundball, 56D)
Pinch Runner at 1st Kris Ballard:
Batting: LHB Júlio Córdova 0-0: Bunted foul
0-1: Bunted foul
0-2: Fly out, F4 (Line Drive, 6M)
Batting: RHB Kel Weeks 0-0: Foul Ball, location: 2F
0-1: Grounds into double play, 1-6-3 (Groundball, P)
Bottom of the 9th over - 0 run(s), 1 hit(s), 0 error(s), 0 left on base; Lee's Summit 3 - Minnesota 2
Thursday, March 30th, 2017 - OOTP Baseball 17.12 Build 75